 Dungeon Crawl Stone Soup version 0.29.1-12-g30fa7ad0bf (webtiles) character file.

Game seed: 15716599189396034871

3837 Linkola the Thaumaturge (level 9, 0/47 HPs)
             Began as a Deep Elf Conjurer on Dec 23, 2022.
             Was a Follower of Vehumet.
             Slain by a hornet (12 damage)
             ... on level 8 of the Dungeon.
             The game lasted 00:43:09 (10099 turns).

Linkola the Thaumaturge (Deep Elf Conjurer)        Turns: 10099, Time: 00:43:10

Health: 0/47       AC:  7    Str:  4    XL:     9   Next: 98%
Magic:  24/25      EV: 13    Int: 34    God:    Vehumet [*.....]
Gold:   398        SH:  0    Dex: 13    Spells: 6/28 levels left

rFire   . . .      SeeInvis .   j - +5 quarterstaff (chaos)
rCold   . . .      Faith    .   (shield currently unavailable)
rNeg    . . .      Spirit   .   a - +0 robe
rPois   .          Reflect  .   (no helmet)
rElec   .          Harm     .   (no cloak)
rCorr   .          Rampage  .   s - +0 pair of gloves
Will    .....                   (no boots)
Stlth   +++.......              (no amulet)
HPRegen 0.15/turn               u - +4 ring of protection
MPRegen 0.19/turn               g - +6 ring of intelligence

@: slowed, very slow
A: no striking features
a: Renounce Religion


You were on level 8 of the Dungeon.
You worshipped Vehumet.
Vehumet was aware of your devotion.
You visited 2 branches of the dungeon, and saw 9 of its levels.

You collected 398 gold pieces.

Inventory:

Hand Weapons
 j - a +5 quarterstaff of chaos (weapon)
Armour
 a - a +0 robe (worn)
 s - a +0 pair of gloves (worn)
Jewellery
 g - a +6 ring of intelligence (right hand)
 u - a +4 ring of protection (left hand)
Wands
 m - a wand of paralysis (26)
 n - a wand of polymorph (13)
Scrolls
 c - 2 scrolls of teleportation
 d - 2 scrolls of silence
 e - a scroll of brand weapon
 i - 3 scrolls of blinking
 k - a scroll of butterflies
 p - a scroll of identify
 q - 2 scrolls of magic mapping
 r - a scroll of fear
Potions
 b - 2 potions of magic
 f - a potion of brilliance
 o - a potion of might
 t - a potion of flight
Miscellaneous
 h - a lightning rod (4/4)


   Skills:
 - Level 1.1 Fighting
 - Level 1.0 Staves
 + Level 4.6 Dodging
 + Level 4.4 Stealth
 + Level 10.4 Spellcasting
 + Level 9.2 Conjurations
 + Level 7.6 Hexes
 + Level 4.2 Translocations
 * Level 3.8 Fire Magic
 + Level 1.1 Air Magic


You had 6 spell levels left.
You knew the following spells:

 Your Spells              Type           Power      Damage    Failure   Level
a - Magic Dart            Conj           100%       1d8       1%          1
b - Searing Ray           Conj           100%       2d8       1%          2
c - Dazzling Flash        Conj/Hex       100%       N/A       1%          3
d - Iskenderun's Mystic   Conj/Tloc      59%        2d12      1%          4
e - Fulminant Prism       Conj/Hex       33%        3d16      1%          4
f - Conjure Flame         Conj/Fire      58%        6-21      1%          3
g - Flame Wave            Conj/Fire      58%        2d14      1%          4
h - Shock                 Conj/Air       100%       1d9       1%          1

Your spell library contained the following spells:

 Spells                   Type           Power      Damage    Failure   Level
 Foxfire                  Conj/Fire      100%       2x1d9     1%          1
 Inner Flame              Hex/Fire       54%        N/A       1%          3
 Mephitic Cloud           Conj/Pois/Air  41%        N/A       1%          3
 Call Imp                 Summ           17%        N/A       3%          2


Dungeon Overview and Level Annotations

Branches:
Dungeon (8/15)             Temple (1/1) D:4
   Lair: D:8-11

Altars:
Ashenzari
Fedhas
Gozag
Makhleb
Ru
Uskayaw
Vehumet
Wu Jian
The Shining One

Shops:
D:4 (


Message History

There is a stone staircase leading down here.
You see here a +0 spear.
Things that are here:
a +0 chain mail; 2 boomerangs; a +0 short sword of freezing
There is a stone staircase leading down here.
You start resting.
Magic restored.
You climb downwards.
There is a stone staircase leading up here.
You open the door.
Found an escape hatch in the floor.
Found 5 stones and a robe.
There is an open door here.
Found a scroll of immolation.
There is an open door here.
You see here a scroll of immolation.
A hornet comes into view.
Casting: Fulminant Prism (dangerous; 1% risk of failure)
Confirm with . or Enter, or press ? or * to list all spells.
Aiming: Searing Ray (safe; 1% risk of failure)
Press: ? - help, Shift-Dir - straight line, f - hornet
Aim: a hornet (asleep, 100% to hit)
The searing ray hits the hornet but does no damage.
The hornet buzzes angrily. (Press . to maintain the ray.)
The hornet stings you.
You suddenly lose the ability to move!
The hornet stings you.
You shrug off the repeated paralysis!
The hornet stings you!
You are poisoned.
You feel yourself slow down.
You feel very sick. The hornet stings you!
You feel as though you will be slow longer.
You can move again.
You feel very sick. The hornet stings you!
* * * LOW HITPOINT WARNING * * *
You shrug off the repeated paralysis!
The hornet misses you.
You feel better. The hornet stings you!
You die...

.....#.#########.###...
#..#...........# #.#.
#...######### #...
#.#..# #^)^ # ##.## #
##+# #..# ...
##.##.....
...#+###........
.......@###...##
........y.......
##....!..##...##
#...###.# ..# ##.. .. .
## ###


You could see a hornet.

Vanquished Creatures
  The ghost of Rrauwl the Protected, a novice BaFi (D:5)
  A hornet (D:6)
  Sigmund (D:4)
  A wyvern (D:7)
  2 water moccasins
  An orc warrior (D:7)
  2 sky beasts (D:7)
  6 ice beasts
  A black bear (D:8)
  2 ogres (D:5)
  Blork the orc (D:4)
  2 bullfrogs (D:6)
  4 scorpions
  A necrophage (D:5)
  4 howler monkeys
  5 hounds
  An orc priest (D:4)
  A wyvern simulacrum (D:6)
  A gnoll bouda (D:4)
  A water moccasin simulacrum (D:6)
  Crazy Yiuf (D:3)
  2 iguanas (D:5)
  A centaur skeleton (D:7)
  4 orc wizards (D:7)
  A bullfrog simulacrum (D:6)
  The ghost of
  112233 the Sneak, a weakling FeDe (D:7)
  A howler monkey zombie (D:7)
  7 adders
  15 gnolls
  A howler monkey skeleton (D:7)
  A shadow imp (D:6)
  3 white imps (D:6)
  2 ufetubi
  A worm (D:4)
  22 orcs
  A bat (D:2)
  14 endoplasms
  5 giant cockroaches
  2 goblins
  4 hobgoblins
  2 jackals (D:2)
  12 kobolds
  A quokka (D:1)
  A ball python (D:1)
  4 frilled lizards
  7 rats
155 creatures vanquished.

Vanquished Creatures (others)
  55 fulminant prisms
55 creatures vanquished.

Grand Total: 210 creatures vanquished

Notes
Turn   | Place    | Note
-------+----------+-------------------------------------------
     0 | D:1      | Linkola the Deep Elf Conjurer began the quest for the Orb.
     0 | D:1      | Reached XP level 1. HP: 10/10 MP: 6/6
   298 | D:1      | Reached XP level 2. HP: 15/15 MP: 6/8
   301 | D:1      | Learned a level 2 spell: Searing Ray
   802 | D:1      | Found a faded altar of an unknown god.
  1191 | D:2      | Reached skill level 1 in Hexes
  1278 | D:2      | Reached skill level 5 in Conjurations
  1338 | D:2      | Reached XP level 3. HP: 19/19 MP: 5/9
  1342 | D:2      | Learned a level 3 spell: Dazzling Flash
  2231 | D:3      | Reached XP level 4. HP: 24/24 MP: 1/11
  2814 | D:3      | Learned a level 4 spell: Iskenderun's Mystic Blast
  3028 | D:3      | Found a runed translucent door.
  3029 | D:3      | Noticed Crazy Yiuf
  3169 | D:3      | Killed Crazy Yiuf
  3170 | D:3      | Reached skill level 4 in Spellcasting
  3434 | D:4      | Noticed Sigmund
  3441 | D:4      | Killed Sigmund
  3442 | D:4      | Reached skill level 1 in Translocations
  3442 | D:4      | Reached XP level 5. HP: 17/28 MP: 4/14
  3442 | D:4      | Reached XP level 6. HP: 20/33 MP: 4/15
  3447 | D:4      | Learned a level 4 spell: Fulminant Prism
  3668 | D:4      | Noticed an ice beast
  3672 | D:4      | Reached skill level 5 in Spellcasting
  3688 | D:4      | Killed an ice beast
  4033 | D:4      | Noticed Blork the orc
  4042 | D:4      | Killed Blork the orc
  4273 | D:4      | Reached XP level 7. HP: 37/37 MP: 11/17
  4376 | D:4      | Reached skill level 6 in Spellcasting
  4632 | D:4      | Found a staircase to the Ecumenical Temple.
  4642 | Temple   | Entered the Ecumenical Temple
  4670 | Temple   | Became a worshipper of Vehumet
  4907 | D:4      | Found Lodary's Weapon Emporium.
  5248 | D:5      | Entered Level 5 of the Dungeon
  5487 | D:5      | Found an ornate altar of the Wu Jian Council.
  5538 | D:5      | Reached skill level 7 in Spellcasting
  5735 | D:5      | Reached XP level 8. HP: 22/42 MP: 9/20
  5991 | D:5      | Reached skill level 1 in Staves
  5991 | D:5      | Reached skill level 5 in Hexes
  6226 | D:5      | Found an opulent altar of Gozag.
  6520 | D:5      | Learned a level 3 spell: Conjure Flame
  6525 | D:5      | Learned a level 4 spell: Flame Wave
  6758 | D:6      | Reached skill level 8 in Spellcasting
  6798 | D:6      | Found a runed translucent gate.
  6798 | D:6      | Found a runed translucent gate.
  6798 | D:6      | Found a runed translucent gate.
  6827 | D:6      | Noticed a hornet
  6838 | D:6      | Killed a hornet
  6839 | D:6      | Reached skill level 1 in Fighting
  6839 | D:6      | Reached skill level 1 in Fire Magic
  7018 | D:6      | Noticed Rrauwl's ghost (novice BaFi)
  7114 | D:6      | Reached * piety under Vehumet
  7114 | D:6      | Offered knowledge of Shock by Vehumet.
  7117 | D:6      | Learned a level 1 spell: Shock
  7362 | D:6      | Reached XP level 9. HP: 47/47 MP: 17/23
  7956 | D:7      | Reached skill level 9 in Spellcasting
  8070 | D:7      | Reached skill level 1 in Air Magic
  8489 | D:7      | Found a runed translucent gate.
  8489 | D:7      | Found a runed translucent gate.
  8489 | D:7      | Found a runed translucent gate.
  8492 | D:7      | Noticed 112233's ghost (weakling FeDe)
  8842 | D:7      | Killed 112233's ghost
  9093 | D:5      | Killed Rrauwl's ghost
  9094 | D:5      | Reached skill level 10 in Spellcasting
  9753 | D:8      | Noticed a two-headed ogre
 10095 | D:8      | Paralysed by a hornet for 3 turns
 10099 | D:8      | Slain by a hornet

Illustrated notes

Levels and vault maps discovered:
D:1:      nagdon_arrival_double_spiral, layout_basic,
          chequers_ecumenical_altar_grove, dreamdust_princess_bridge,
          chequers_jeans
D:2:      layout_basic
D:3:      layout_loops_cross, uniq_crazy_yiuf_cottage
D:4:      layout_layer_cave, minmay_temple_entry_statues_fountains,
          serial_shops, nicolae_shop_bloodbath_and_beyond, uniq_blork_the_orc,
          uniq_sigmund
D:5:      layout_rooms, old_standard_altar, nicolae_gozag_seed_capital,
          kennysheep_cross_room
D:6:      layout_loops_ring, gammafunk_ghost_icy
D:7:      layout_basic, gammafunk_ghost_necromancy, kennysheep_flooded_box,
          minmay_misc_feat_rows
D:8:      layout_basic, nicolae_overflow_two_pavilions, hangedman_glass_teeth,
          hellmonk_guarded_unrand_gong, uniq_grum
Temple:   regret_index_temple_sphere_string

Skill      XL: |  1  2  3  4  5  6  7  8  9 |
---------------+----------------------------+-----
Hexes          | 1 2 3 4 6 7 |  7.6
Conjurations   | 5 6 7 8 9 |  9.2
Stealth        | 3 4 |  4.4
Spellcasting   | 4 5 7 8 10 | 10.4
Translocations | 1 2 3 4 |  4.2
Dodging        | 3 4 |  4.6
Staves         | 1 |  1.0
Fighting       | 1 |  1.1
Fire Magic     | 1 3 |  3.8
Air Magic      | 1 |  1.1

Action                   |  1- 3 |  4- 6 |  7- 9 || total
-------------------------+-------+-------+-------++-------
Melee: Quarterstaff      |       |     2 |       ||     2
 Cast: Magic Dart        |    62 |    48 |    77 ||   187
       Searing Ray       |     1 |     4 |    41 ||    46
       Dazzling Flash    |     1 |       |     1 ||     2
       Iskenderun's Myst |       |     1 |     2 ||     3
       Fulminant Prism   |       |     5 |    51 ||    56
       Conjure Flame     |       |       |     3 ||     3
       Flame Wave        |       |       |     1 ||     1
       Shock             |       |       |     3 ||     3
  Use: Scroll            |     7 |     2 |     9 ||    18
       Potion            |       |       |     3 ||     3
Armor: Robe              |       |     3 |    14 ||    17
Dodge: Dodged            |     2 |     6 |    58 ||    66
